 Dungeon Crawl Stone Soup version 0.31-a0-358-gac0dbeb3ab (webtiles) character file.

Game seed: 11561787635467883874

359 hashsling the Slasher (level 6, 0/47 HPs)
             Began as a Human Fighter on July 25, 2023.
             Slain by a gnoll
             ... wielding a +0 spear
             ... led by a gnoll bouda
              (6 damage)
             ... on level 5 of the Dungeon.
             The game lasted 00:07:50 (3436 turns).

hashsling the Slasher (Human Fighter)               Turns: 3436, Time: 00:07:51

Health: 0/47       AC:  5    Str: 23    XL:     6   Next: 97%
Magic:  0/6        EV: 11    Int:  8    God:
Gold:   119        SH:  5    Dex: 14    Spells: 5/5 levels left

rFire   . . .        a - +0 long sword
rCold   . . .        c - +0 buckler
rNeg    . . .        j - +0 ring mail
rPois   .            (no helmet)
rElec   .            h - scarf {+Inv}
rCorr   .            (no gloves)
SInv    .            (no boots)
Will    .....        v - amulet of guardian spirit
Stlth   +            B - +6 ring of strength
HPRegen 0.27/turn    (no ring)
MPRegen 0.10/turn

%: guardian spirit
@: mighty, weakened
A: no striking features
a: Evoke Invisibility


You were on level 5 of the Dungeon.
You visited 1 branch of the dungeon, and saw 5 of its levels.

You collected 269 gold pieces.
You spent 150 gold pieces at shops.

Inventory:

Hand Weapons
 a - a +0 long sword (weapon)
 i - a +0 great sword
 w - a +0 falchion
Armour
 b - a +0 scale mail
 c - a +0 buckler (worn)
 h - a scarf of invisibility (worn)
 j - a +0 ring mail (worn)
Jewellery
 u - a ring of wizardry
 v - an amulet of guardian spirit (around neck)
 B - a +6 ring of strength (left hand)
Wands
 s - a wand of roots (6)
Scrolls
 e - 4 scrolls of identify {unknown}
 f - a scroll of fear {unknown}
 k - a scroll of brand weapon {unknown}
 q - 2 scrolls of poison {unknown}
 t - a scroll of enchant armour {unknown}
 x - a scroll of torment {unknown}
 y - a scroll of vulnerability {unknown}
 z - a scroll of revelation {unknown}
Potions
 d - a potion of might
 g - 3 potions of lignification {unknown}
 l - 5 potions of curing {unknown}
 m - 4 potions of haste {unknown}
 n - a potion of ambrosia {unknown}
 o - a potion of magic {unknown}
 p - 2 potions of mutation {unknown}
 r - 2 potions of heal wounds {unknown}
 A - a potion of brilliance {unknown}


   Skills:
 + Level 3.2 Fighting
 * Level 5.5 Long Blades
 - Level 3.0 Armour
 + Level 3.2 Dodging
 - Level 3.1 Shields


You had 5 spell levels left.
You didn't know any spells.
Your spell library contained the following spells:

 Spells                   Type           Power      Damage    Failure   Level
 Necrotise                Necr           0%         1d4       63%         1
 Ignite Poison            Fire/Tmut/Pois 0%         N/A       94%         3
 Borgnjor's Vile Clutch   Necr/Erth      0%         N/A       100%        5


Dungeon Overview and Level Annotations

Branches:
Dungeon (5/15)
 Temple: D:4-7

Altars:
Dithmenos
Yredelemnul

Shops:
D:1 [   D:5 *


Message History

You kill the gnoll!
You slash the gnoll!
The gnoll is almost dead.
The gnoll completely misses you.
The gnoll hits you from afar with a +0 spear.
* * * LOW HITPOINT WARNING * * *
You slash the gnoll!
You kill the gnoll!
You block the gnoll's attack. The gnoll hits you but does no damage.
The gnoll barely misses you.
Items here: ))) [ ††.
You closely miss the gnoll. You block the gnoll's attack.
The gnoll hits you with a +0 spear.
* * * LOW HITPOINT WARNING * * *
You block the gnoll's attack.
You hit the gnoll.
The gnoll is lightly wounded.
The gnoll hits you with a +0 spear.
* * * LOW HITPOINT WARNING * * *
The gnoll hits you from afar with a +0 spear.
* * * LOW HITPOINT WARNING * * *
The gnoll hits you with a +0 spear.
* * * LOW HITPOINT WARNING * * *
The gnoll hits you from afar with a +0 spear.
* * * LOW HITPOINT WARNING * * *
Aiming: Fastroot
Press: ? - help, Q - select action, (/) - cycle Shift-Dir - straight line, f - gnoll
Aim: a gnoll, wielding a +0 whip of draining The roots erupt in riotous growth!
Roots grab the gnoll.
Roots grab the gnoll.
The grasping roots constrict the gnoll!
The grasping roots constrict the gnoll.
You hear a bark!
The gnoll barely misses you.
The grasping roots constrict the gnoll!
You kill the gnoll!
The grasping roots constrict the gnoll.
The roots release their grip on the gnoll.
The gnoll hits you from afar with a +0 spear.
You die...

##### #...#######
#########.........#
.....gg)@.#.......#
###...###...#####.#
#... ##.######.#
##. #.# #....# #
#.###.##.#
#........# #.#
#.###.#### .
...###.# #+##
#..##.# .....
...##...## ##.##.#


You could see 2 gnolls.

Vanquished Creatures
  A black bear (D:3)
  2 hounds (D:4)
  A gnoll bouda (D:5)
  Terence (D:2)
  The ghost of AiryTheDragon the Magician, a weakling DsHW (D:4)
  4 adders
  3 gnolls (D:5)
  2 ufetubi
  3 worms
  2 dart slugs
  4 orcs
  4 endoplasms
  2 giant cockroaches (D:4)
  3 goblins
  7 hobgoblins
  4 quokkas
  3 ball pythons
  2 bats
  6 kobolds
  4 rats (D:1)
59 creatures vanquished.

Notes
Turn   | Place    | Note
-------+----------+-------------------------------------------
     0 | D:1      | hashsling the Human Fighter began the quest for the Orb.
     0 | D:1      | Reached XP level 1. HP: 18/18 MP: 1/1
   202 | D:1      | Reached XP level 2. HP: 19/24 MP: 2/2
   275 | D:1      | Found Lonemarch's Antique Armour Emporium.
   634 | D:2      | Reached XP level 3. HP: 21/29 MP: 3/3
   701 | D:2      | Found a basalt altar of Yredelemnul.
   763 | D:2      | Noticed Terence
   775 | D:2      | Killed Terence
   776 | D:2      | Reached skill level 3 in Long Blades
   776 | D:2      | Reached skill level 1 in Dodging
   933 | D:2      | Reached XP level 4. HP: 35/35 MP: 4/4
  1806 | D:3      | Noticed a black bear
  1819 | D:3      | Killed a black bear
  1820 | D:3      | Reached skill level 4 in Long Blades
  1820 | D:3      | Reached XP level 5. HP: 34/41 MP: 2/5
  1898 | D:3      | Found a faded altar of an unknown god.
  2318 | D:3      | Reached XP level 6. HP: 44/47 MP: 4/6
  2619 | D:4      | Reached skill level 5 in Long Blades
  2921 | D:4      | Got the Book of Stolen Souls and Combustion
  3133 | D:4      | Found a shadowy altar of Dithmenos.
  3172 | D:4      | Found a large runed translucent door.
  3173 | D:4      | Found a large runed translucent door.
  3175 | D:4      | Noticed AiryTheDragon's ghost (weakling DsHW)
  3181 | D:4      | Killed AiryTheDragon's ghost
  3287 | D:5      | Entered Level 5 of the Dungeon
  3371 | D:5      | Found Bujyzyi's Assorted Antiques.
  3378 | D:5      | Bought an iron ring for 150 gold pieces
  3436 | D:5      | Slain by a gnoll

Illustrated notes

Levels and vault maps discovered:
D:1:      grunt_arrival_crossed_arrows, layout_loops_ring, serial_shops,
          nicolae_shop_statue_plus
D:2:      layout_loops_ring, basic_altar, uniq_terence
D:3:      layout_basic, hellmonk_ecumenical_altar_inner_sanctum,
          minmay_misc_feat_encased, minmay_misc_feat_nine_boxes
D:4:      layout_cave_pools, mainiacjoe_overflow_alcove_4,
          ebering_ghost_disaster_area
D:5:      layout_loops_corners, serial_shops, shop,
          nicolae_shop_just_a_little_nook, nicolae_letterblocks
          [nicolae_letter_subblock, nicolae_letter_subblock,
          nicolae_letter_subblock, nicolae_letter_subblock,
          nicolae_letter_subblock, nicolae_letter_subblock,
          nicolae_letter_subblock, nicolae_letter_subblock,
          nicolae_letter_subblock, nicolae_letter_subblock,
          nicolae_letter_subblock, nicolae_letter_subblock,
          nicolae_letter_subblock, nicolae_letter_subblock,
          nicolae_letter_subblock, nicolae_letter_subblock,
          nicolae_letter_subblock, nicolae_letter_subblock,
          nicolae_letter_subblock, nicolae_letter_subblock,
          nicolae_letter_subblock, nicolae_letter_subblock,
          nicolae_letter_subblock, nicolae_letter_subblock,
          nicolae_letter_subblock]

Skill      XL: |  1  2  3  4  5  6 |
---------------+-------------------+-----
Long Blades    | 3 4 5 |  5.5
Dodging        | 1 2 3 |  3.2
Fighting       | |  3.2
Armour         | |  3.0
Shields        | |  3.1

Action                     |  1- 3 |  4- 6 || total
---------------------------+-------+-------++-------
  Melee: Long sword        |    72 |   146 ||   218
         Falchion          |       |    45 ||    45
  Evoke: Wand              |       |     3 ||     3
    Use: Potion            |     1 |     1 ||     2
 Armour: Scale mail        |    17 |       ||    17
         Ring mail         |     8 |    56 ||    64
  Dodge: Dodged            |    29 |    99 ||   128
  Block: Buckler           |    16 |    46 ||    62

Table legend: (Time is in decaauts)
 A = Elapsed time spent in this place.
 B = Non-inter-level travel time spent in this place.
 C = Inter-level travel time spent in this place.
 D = Time resting spent in this place.
 E = Time spent auto-exploring this place.
 F = Levels seen in this place.
 G = Mean time per level.
                   A        B        C        D        E       F      G
               +--------+--------+--------+--------+--------+-----+--------+
         Total |   3491 |   3336 |    155 |      0 |   2723 |   5 |  698.2 |
       Dungeon |   3491 |   3336 |    155 |      0 |   2723 |   5 |  698.2 |
               +--------+--------+--------+--------+--------+-----+--------+

Top non-repeatable levels by time:
     D:2: 1014 daAuts
     D:3: 985 daAuts
     D:4: 694 daAuts
     D:1: 642 daAuts
     D:5: 154 daAuts
